 Dungeon Crawl Stone Soup version 0.26-a0-1213-gd52f5182fe (webtiles) character file.

Game seed: 13004965741528318267

2176 HoaS the Cleaver (level 9, -7/70 HPs)
             Began as a Minotaur Berserker on Dec 30, 2020.
             Was an Elder of Trog.
             Killed from afar by an electric eel (10 damage)
             ... with a bolt of electricity
             ... on level 7 of the Dungeon.
             The game lasted 00:13:42 (5135 turns).

HoaS the Cleaver (Minotaur Berserker)               Turns: 5135, Time: 00:13:42

Health: -7/70      AC: 11    Str: 26    XL:     9   Next: 11%
Magic:  8/8        EV:  9    Int:  4    God:    Trog [****..]
Gold:   309        SH:  0    Dex:  9    Spells: 8/8 levels left

rFire    . . .     SeeInvis .   s - +0 war axe
rCold    . . .     Faith    .   (no shield)
rNeg     . . .     Spirit   .   a - +0 chain mail
rPois    .         Reflect  .   (helmet restricted)
rElec    .         Harm     .   (no cloak)
rCorr    .         Rampage  .   (no gloves)
Will     ++...                  t - +2 pair of boots
Stlth    ..........             i - amulet of regeneration
HPRegen  0.61/turn              n - ring of willpower
MPRegen  0.11/turn              m - ring of willpower

@: no status effects
A: retaliatory headbutt, horns 2
a: Renounce Religion, Berserk, Trog's Hand, Brothers in Arms


You were on level 7 of the Dungeon.
You worshipped Trog.
Trog was greatly pleased with you.
You visited 2 branches of the dungeon, and saw 8 of its levels.

You collected 309 gold pieces.

Inventory:

Hand Weapons
 s - a +0 war axe (weapon)
Armour
 a - a +0 chain mail (worn)
 t - a +2 pair of boots (worn)
Jewellery
 e - an uncursed ring of protection from fire
 i - an amulet of regeneration (around neck)
 l - an uncursed ring of fire
 m - a ring of willpower (right hand)
 n - a ring of willpower (left hand)
Wands
 b - a wand of flame (15)
 d - a wand of paralysis (10)
 k - a wand of acid (5) (quivered)
 r - a wand of iceblast (5)
Scrolls
 j - 2 scrolls of teleportation
 q - a scroll of enchant weapon
 u - a scroll of identify
 v - 2 scrolls of remove curse
Potions
 c - a potion of mutation
 f - 2 potions of berserk rage {unknown}
 g - 2 potions of ambrosia
 h - 4 potions of flight {unknown}
 o - 3 potions of haste {unknown}
 p - 2 potions of curing {unknown}


   Skills:
 - Level 3.6 Fighting
 + Level 14.1 Axes
 - Level 2.4 Armour
 - Level 2.1 Dodging


You had 8 spell levels left.
You didn't know any spells.
Your spell library was empty.

Dungeon Overview and Level Annotations

Branches:
Dungeon (7/15)             Temple (1/1) D:4

Altars:
Ashenzari
Cheibriados
Dithmenos
Elyvilon
Fedhas
Gozag
Hepliaklqana
Kikubaaqudgha
Makhleb
Nemelex Xobeh
Okawaru
Qazlal
Ru
Sif Muna
Trog
Uskayaw
Vehumet
Wu Jian
Xom
Yredelemnul
Zin
The Shining One

Shops:
D:7 :

Annotations:
D:5 2 transporters, harkrass's ghost, novice MiFi


Innate Abilities, Weirdness & Mutations

You reflexively headbutt those who attack you in melee.
You have a pair of horns on your head.


Message History

The bolt of electricity hits you! x2
The electric eel shoots out a bolt of lightning at you!
The bolt of electricity hits the electric eel.
The electric eel completely resists.
The bolt of electricity hits you.
You closely miss the electric eel. You headbutt the electric eel!
The electric eel is heavily wounded.
The electric eel shoots out a bolt of lightning at you!
The bolt of electricity hits you. The bolt of electricity hits you!
The electric eel shoots out a bolt of lightning at you!
The bolt of electricity misses the electric eel.
The bolt of electricity hits you!
* * * LOW HITPOINT WARNING * * *
The bolt of electricity hits you.
* * * LOW HITPOINT WARNING * * *
The electric eel shoots out a bolt of lightning at you!
The bolt of electricity hits you.
* * * LOW HITPOINT WARNING * * *
The electric eel shoots out a bolt of lightning at you!
The bolt of electricity hits you!
You die...

.# . .##### ≈≈.;≈≈
.....♣♣♣♣≈≈≈.≈≈≈≈≈
.....♣≈≈≈≈≈≈.≈≈≈≈♣
#.###≈≈≈≈≈≈≈.≈≈≈≈ #.#
♣≈≈≈≈≈≈≈.≈≈≈♣ #.#
P≈≈≈≈≈≈≈.≈≈≈♣#######
#.#.♣≈P≈≈≈≈≈.≈;♣........
#.#.#≈≈≈P≈≈♣.;♣.@..####
#.# ##P≈≈♣♣.............
..# #.##.#...#..#######
### $.............# #
#.#####)##....... # #.
#)###.#.### # #. #)#
#.#.# # ####.#####.#
#.#.# ## # #..........#
.. ..


You could see 2 electric eels.

Vanquished Creatures
  Prince Ribbit (D:6)
  A sky beast (D:5)
  2 ogres
  3 centaurs
  Blork the orc (D:6)
  6 killer bees (D:7)
  2 howler monkeys (D:7)
  2 electric eels (D:7)
  2 bullfrog zombies
  3 hounds
  A centaur skeleton (D:7)
  5 orc priests
  5 orc wizards
  A bullfrog skeleton (D:6)
  7 worker ants
  A hound zombie (D:6)
  2 hound skeletons (D:4)
  A howler monkey zombie (D:5)
  7 gnolls
  12 adders
  A shadow imp (D:5)
  2 white imps (D:5)
  2 ufetubi
  An ooze (D:2)
  2 worms
  3 dart slugs
  2 leopard geckos
  6 orcs
  2 ball pythons (D:3)
  13 bats
  6 giant cockroaches
  7 goblins
  4 hobgoblins
  4 jackals (D:5)
  3 kobolds
  2 quokkas
  A ball python skeleton (D:6)
  4 frilled lizards
  2 quokka skeletons
  6 rats
138 creatures vanquished.

Vanquished Creatures (others)
  43 plants (D:7)
43 creatures vanquished.

Grand Total: 181 creatures vanquished

Notes
Turn   | Place    | Note
-------+----------+-------------------------------------------
     0 | D:1      | HoaS the Minotaur Berserker began the quest for the Orb.
     0 | D:1      | Reached XP level 1. HP: 19/19 MP: 0/0
   206 | D:1      | Reached skill level 4 in Axes
   305 | D:1      | Reached XP level 2. HP: 26/26 MP: 1/1
   787 | D:2      | Reached skill level 5 in Axes
   811 | D:2      | Reached ** piety under Trog
   812 | D:2      | Reached XP level 3. HP: 30/31 MP: 2/2
  1271 | D:2      | Reached XP level 4. HP: 39/39 MP: 3/3
  1367 | D:2      | Reached skill level 6 in Axes
  2160 | D:4      | Reached skill level 7 in Axes
  2160 | D:4      | Reached XP level 5. HP: 42/45 MP: 4/4
  2169 | D:4      | Noticed an ogre
  2173 | D:4      | Killed an ogre
  2174 | D:4      | Reached skill level 8 in Axes
  2235 | D:4      | Reached XP level 6. HP: 51/51 MP: 5/5
  2432 | D:4      | Reached skill level 9 in Axes
  2438 | D:4      | Found a staircase to the Ecumenical Temple.
  2440 | D:4      | Reached *** piety under Trog
  2448 | Temple   | Entered the Ecumenical Temple
  2912 | D:4      | Got a pair of brightly glowing gloves
  2918 | D:4      | Identified the cursed +0 pair of gloves "Joikeiq" {Harm
                  | Dex+2} (You found it on level 4 of the Dungeon)
  2944 | D:5      | Entered Level 5 of the Dungeon
  3007 | D:5      | Reached XP level 7. HP: 53/57 MP: 6/6
  3041 | D:5      | Found a hide-covered altar of Uskayaw.
  3079 | D:5      | Found a sparkling altar of Nemelex Xobeh.
  3117 | D:5      | Reached skill level 10 in Axes
  3263 | D:5      | Noticed harkrass's ghost (novice MiFi)
  3264 | D:5      | Found a transporter.
  3599 | D:5      | Found a transporter.
  3623 | D:6      | Noticed Blork the orc
  3628 | D:6      | Killed Blork the orc
  3629 | D:6      | Reached skill level 11 in Axes
  3722 | D:6      | Reached XP level 8. HP: 60/64 MP: 7/7
  3867 | D:6      | Reached **** piety under Trog
  4042 | D:6      | Noticed Prince Ribbit
  4057 | D:6      | Killed Prince Ribbit
  4058 | D:6      | Reached skill level 12 in Axes
  4598 | D:7      | Found Wooph's Book Boutique.
  4729 | D:7      | Reached skill level 13 in Axes
  4892 | D:7      | Reached XP level 9. HP: 42/70 MP: 8/8
  5038 | D:7      | Reached skill level 14 in Axes
  5135 | D:7      | HP: 3/70 [electric eel/bolt of electricity (5)]
  5135 | D:7      | Killed from afar by an electric eel

Illustrated notes

Levels and vault maps discovered:
D:1:      minmay_arrival_jagged, layout_loops_corners
D:2:      layout_basic, chequers_serial_rivers_micro_d
D:3:      layout_rooms
D:4:      layout_basic, minmay_temple_entry_proselytizer
D:5:      layout_basic, general_overflow_altar, gammafunk_ghost_smash,
          nemelex_altar_shiori
D:6:      layout_gridville, uniq_blork_the_orc, uniq_prince_ribbit1
D:7:      layout_loops_ring, serial_bayou, serial_bayou_pond_a,
          serial_bayou_lagoon_b, serial_bayou_shore_a, serial_bayou_crossing,
          serial_shops, shop
Temple:   regret_index_temple_sigil_plot

Skill      XL: |  1  2  3  4  5  6  7  8  9 |
---------------+----------------------------+-----
Axes           | 4 5 7 8 9 11 13 14 | 14.1
Fighting       | |  3.6
Armour         | |  2.4
Dodging        | |  2.1

Action                   |  1- 3 |  4- 6 |  7- 9 || total
-------------------------+-------+-------+-------++-------
Melee: Hand axe          |    69 |    85 |       ||   154
       Headbutt          |    12 |    14 |    41 ||    67
       War axe           |       |     9 |   219 ||   228
Invok: Berserk           |       |     1 |     2 ||     3
       Trog's Hand       |       |     1 |       ||     1
Evoke: Wand              |       |       |     1 ||     1
  Use: Scroll            |       |    16 |     4 ||    20
Armor: Ring mail         |    41 |    41 |    35 ||   117
       Chain mail        |       |       |    58 ||    58
Dodge: Dodged            |    48 |    43 |    97 ||   188

Table legend: (Time is in decaauts)
 A = Elapsed time spent in this place.
 B = Non-inter-level travel time spent in this place.
 C = Inter-level travel time spent in this place.
 D = Time resting spent in this place.
 E = Time spent auto-exploring this place.
 F = Levels seen in this place.
 G = Mean time per level.
                   A        B        C        D        E       F      G
               +--------+--------+--------+--------+--------+-----+--------+
         Total |   5137 |   4846 |    291 |    524 |   3368 |   8 |  642.1 |
       Dungeon |   4869 |   4611 |    258 |    524 |   3135 |   7 |  695.6 |
        Temple |    267 |    234 |     33 |      0 |    233 |   1 |  267.0 |
               +--------+--------+--------+--------+--------+-----+--------+

Top non-repeatable levels by time:
     D:2: 915 daAuts
     D:6: 841 daAuts
     D:1: 774 daAuts
     D:5: 706 daAuts
     D:7: 638 daAuts
     D:4: 537 daAuts
     D:3: 455 daAuts
  Temple: 267 daAuts
